 Dungeon Crawl Stone Soup version 0.31.0-4-g52a2dc7128 (webtiles) character file.

Game seed: 17081560542378556223

6 SnakkuSnakku7 the Ducker (level 1, 0/15 HPs)
             Began as a Merfolk Earth Elementalist on Jan 22, 2024.
             Slain by a jackal (2 damage)
             ... on level 1 of the Dungeon.
             The game lasted 00:00:22 (61 turns).

SnakkuSnakku7 the Ducker (Merfolk Earth Elementalist) Turns: 61, Time: 00:00:23

Health: 0/15       AC:  2    Str:  8    XL:     1   Next: 90%
Magic:  1/3        EV: 12    Int: 14    God:
Gold:   0          SH:  0    Dex: 14    Spells: 3/4 levels left

rFire   . . .        d - +0 club
rCold   . . .        (no shield)
rNeg    . . .        a - +0 robe
rPois   .            (no helmet)
rElec   .            (no cloak)
rCorr   .            (no gloves)
SInv    .            (no boots)
Will    .....        (no amulet)
Stlth   ++           (no ring)
HPRegen 0.22/turn    (no ring)
MPRegen 0.08/turn

%: no passive effects
@: very slightly contaminated
A: (nimble swimmer 2), mertail
a: no special abilities


You were on level 1 of the Dungeon.
You visited 1 branch of the dungeon, and saw 1 of its levels.

Inventory:

Hand Weapons
 d - a +0 club (weapon)
Missiles
 e - 4 curare-tipped darts
Armour
 a - a +0 robe (worn)
 c - a +0 ring mail
Scrolls
 f - a scroll of acquirement {unknown}
Potions
 b - a potion of magic


   Skills:
 + Level 1.5 Fighting
 - Level 2.6 Dodging
 - Level 2.1 Stealth
 - Level 2.0 Spellcasting
 - Level 0.7 Conjurations
 - Level 2.4 Earth Magic


You had 3 spell levels left.
You knew the following spells:

 Your Spells              Type           Power      Damage    Failure   Level
a - Sandblast             Erth           16%        2d6       9%          1

Your spell library contained the following spells:

 Spells                   Type           Power      Damage    Failure   Level
 Passwall                 Erth           8%         N/A       26%         3
 Stone Arrow              Conj/Erth      10%        3d7       36%         3
 Brom's Barrelling Bould  Conj/Erth      5%         2d3       77%         4
 Petrify                  Alch/Erth      4%         N/A       82%         4


Dungeon Overview and Level Annotations

Branches:
Dungeon (1/15)

Altars:


Innate Abilities, Weirdness & Mutations

((You are very nimble when in or above water. (Stealth+, EV+, Speed+++)))
Your lower body shifts to a powerful aquatic tail in water.


Message History

The jackal barks!
You hit the ball python.
The ball python is moderately wounded.
The ball python bites you but does no damage.
The ball python grabs you. The ball python constricts you.
You closely miss the ball python.
The ball python is moderately wounded.
The jackal barks!
The ball python closely misses you. The ball python constricts you.
A jackal comes into view.
The ball python bites you. The ball python constricts you.
The jackal barks!
You hit the ball python. You punch the ball python.
You kill the ball python!
The jackal bites you.
You hit the jackal but do no damage. The jackal bites you.
* * * LOW HITPOINT WARNING * * *
The jackal bites you but does no damage.
Aiming: Sandblast (safe; 9% risk of failure)
Press: ? - help, Q - select action, (/) - cycle Shift-Dir - straight line, f - jackal
Aim: a jackal (76% to hit)
You miscast Sandblast.
You are very lightly contaminated with residual magic.
Nothing appears to happen.
The jackal bites you.
* * * LOW HITPOINT WARNING * * *
Aiming: Sandblast (safe; 9% risk of failure)
Press: ? - help, Q - select action, (/) - cycle Shift-Dir - straight line, f/p - jackal
Aim: a jackal (76% to hit)
The blast of sand hits the jackal!
You kill the jackal!
Unknown command.
Throw: 5 darts (curare)
Press: ? - help, Shift-Dir - straight line, f - jackal
Aim: a jackal (45% to hit)
You throw a curare-tipped dart.
The curare-tipped dart barely misses the jackal.
The curare-tipped dart misses the jackal.
The jackal bites you.
You die...

###.#.#..##.
............ ..... .....
#.#.#...... .
###.#.#.)....## ...
...............
.##..####.#.#..##..#...#
(..$.hh@................
.#..h####.#.#..........#
... ...#............. .
...###.............
................#....
#.##.###....##....... #
.................
####....#...###..
#####.............


You could see 3 jackals.

Vanquished Creatures
  A giant cockroach (D:1)
  A jackal (D:1)
  A kobold (D:1)
  2 ball pythons (D:1)
  A rat (D:1)
6 creatures vanquished.

Notes
Turn   | Place    | Note
-------+----------+-------------------------------------------
     0 | D:1      | SnakkuSnakku7 the Merfolk Earth Elementalist began the
                  | quest for the Orb.
     0 | D:1      | Reached XP level 1. HP: 13/13 MP: 3/3
    36 | D:1      | Reached skill level 1 in Fighting
    61 | D:1      | Slain by a jackal

Illustrated notes

Levels and vault maps discovered:
D:1:      psy_arrival_whirlpool, layout_basic

Skill      XL: |  1 |
---------------+----+-----
Fighting       | 1 |  1.5
Dodging        | |  2.6
Stealth        | |  2.1
Spellcasting   | |  2.0
Conjurations   | |  0.7
Earth Magic    | |  2.4

Action                     || total
---------------------------++-------
  Melee: Club              ||    13
         Unarmed           ||     2
         Punch             ||     1
  Throw: Dart              ||     1
   Cast: Sandblast         ||     4
 Armour: Robe              ||    16
  Dodge: Dodged            ||    10
